 Dungeon Crawl Stone Soup version 0.21.1-1-g345015f (webtiles) character file.

953 tidbits the Charmwright (level 8, 60/63 HPs)
             Began as a Gnoll Skald on June 20, 2018.
             Quit the game on level 5 of the Dungeon.
             The game lasted 00:07:45 (861 turns).

tidbits the Charmwright (Gnoll Skald)                Turns: 861, Time: 00:07:46

Health: 60/63      AC:  5    Str: 13    XL:     8   Next: 14%
Magic:  16/16      EV: 17    Int: 18    God:
Gold:   67         SH:  0    Dex: 15    Spells: 7/18 levels left

rFire    . . .     SeeInvis .   b - +6 spear "Vaotuin" {pierce, rElec}
rCold    . . .     Gourm    .   (no shield)
rNeg     . . .     Faith    .   l - +0 leather armour
rPois    .         Spirit   .   (no helmet)
rElec    +         Reflect  .   (no cloak)
rCorr    .         Harm     .   G - +0 pair of gloves
MR       .....                  F - +0 pair of boots
Stlth    ++........             (no amulet)
HPRegen  0.20/turn              V - +2 ring of evasion
MPRegen  0.15/turn              (no ring)

@: no status effects
A: distributed training, fangs 1, strong nose
a: no special abilities


You were on level 5 of the Dungeon.
You were very hungry.

You visited 2 branches of the dungeon, and saw 7 of its levels.

You collected 67 gold pieces.

Inventory:

Hand Weapons
 a - a +0 hand axe
 b - the +6 spear "Vaotuin" (weapon) {pierce, rElec}
   (You took it off an orc on level 4 of the Dungeon)

   It inflicts extra damage upon your enemies.
   It insulates you from electricity.
 g - a +1 whip of flaming
   (You took it off Pikel on level 4 of the Dungeon)
 i - a +0 quarterstaff
 p - a +1 dagger of venom
   (You took it off Dowan on level 6 of the Dungeon)
Missiles
 e - 20 stones
 f - 27 bolts
 k - 2 tomahawks (quivered)
Armour
 l - a +0 leather armour (worn)
 F - a +0 pair of boots (worn)
 G - a +0 pair of gloves (worn)
Jewellery
 V - a +2 ring of evasion (left hand)
   (You found it on level 4 of the Dungeon)
Wands
 q - a wand of flame (26)
Scrolls
 m - a scroll of random uselessness
 n - a scroll of fog
 r - 3 scrolls of remove curse
 s - a scroll of identify
Potions
 h - 2 potions of curing {unknown}
 j - a potion of resistance
 o - a potion of lignification
Books
 d - a book of Battle

   Spells                             Type                      Level
   a - Infusion                       Charms                       1
   b - Shroud of Golubria             Charms/Translocation         2
   c - Song of Slaying                Charms                       2
   d - Spectral Weapon                Hexes/Charms                 3
   e - Regeneration                   Charms/Necromancy            3
Comestibles
 c - 5 rations


   Skills:
 + Level 5.5 Fighting
 + Level 2.9 Short Blades
 + Level 2.9 Long Blades
 + Level 5.5 Axes
 + Level 2.9 Maces & Flails
 + Level 2.9 Polearms
 + Level 2.9 Staves
 + Level 2.9 Slings
 + Level 2.9 Bows
 + Level 2.9 Crossbows
 + Level 2.9 Throwing
 + Level 4.0 Armour
 + Level 5.5 Dodging
 + Level 2.9 Stealth
 + Level 2.9 Shields
 + Level 2.9 Unarmed Combat
 + Level 5.8 Spellcasting
 + Level 2.3 Conjurations
 + Level 2.3 Hexes
 + Level 6.0 Charms
 + Level 2.3 Summonings
 + Level 2.3 Necromancy
 + Level 2.3 Translocations
 + Level 2.3 Transmutations
 + Level 2.3 Fire Magic
 + Level 2.3 Ice Magic
 + Level 2.3 Air Magic
 + Level 2.3 Earth Magic
 + Level 2.3 Poison Magic
 + Level 3.2 Invocations
 + Level 2.9 Evocations


You had 7 spell levels left.
You knew the following spells:

 Your Spells              Type           Power        Failure   Level  Hunger
g - Shroud of Golubria    Chrm/Tloc      ###.......   4%          2    None
i - Infusion              Chrm           ####         1%          1    None
r - Regeneration          Chrm/Necr      ###.......   8%          3    ##.....
w - Spectral Weapon       Hex/Chrm       ###.....     8%          3    ##.....
y - Song of Slaying       Chrm           ####....     1%          2    None


Dungeon Overview and Level Annotations

Branches:
Dungeon (6/15)             Temple (1/1) D:5

Altars:
Ashenzari
Fedhas
Gozag
Hepliaklqana
Kikubaaqudgha
Nemelex Xobeh
Okawaru
Qazlal
Ru
Trog
Uskayaw
Vehumet
Wu Jian
Xom
Yredelemnul
Zin
The Shining One


Innate Abilities, Weirdness & Mutations

Your experience applies equally to all skills.
You have very sharp teeth.
Your uncanny sense of smell can sniff out nearby items.


Message History

You closely miss the adder zombie.
The adder zombie is heavily damaged.
The adder zombie misses you.
You barely miss the adder zombie.
The adder zombie is heavily damaged.
The adder zombie bites you but does no damage.
You barely miss the adder zombie. Your bite misses the adder zombie.
The adder zombie is heavily damaged.
The adder zombie bites you but does no damage.
You puncture the adder zombie!
You destroy the adder zombie!
You see here 11 gold pieces.
You now have 50 gold pieces (gained 11).
An iguana comes into view.
You see here 17 gold pieces.
Casting: Spectral Weapon
Confirm with . or Enter, or press ? or * to list all spells.
You draw out your weapon's spirit!
The iguana hisses angrily.
Attack whom?
Press: ? - help, Dir - move target cursor, f - iguana
Aim: an iguana You reach to attack!
You hit the iguana.
The iguana is moderately wounded.
Your spectral weapon hits the iguana from afar.
Your leather armour prevents you from hitting the iguana.
The iguana is almost dead.
Your spectral weapon hits the iguana.
You kill the iguana!
You see here 17 gold pieces.
You now have 67 gold pieces (gained 17).
A worker ant comes into view.
Found a bubbling black potion and a scroll of identify.
A worker ant comes into view.
The worker ant twitches its antennae in your direction.
Found 17 stones.
You see here a scroll of identify.
s - a scroll of identify
Casting: Spectral Weapon
Confirm with . or Enter, or press ? or * to list all spells.
You start singing a song of slaying.
You hit the worker ant.
The worker ant is moderately wounded.
Your spectral weapon closely misses the worker ant.
The worker ant bites you. The worker ant closely misses you.
You barely miss the worker ant.
The worker ant is moderately wounded.
Your spectral weapon hits the worker ant.
The worker ant closely misses you.
You hit the worker ant.
The worker ant is severely wounded.
Your spectral weapon completely misses the worker ant.
The worker ant barely misses you.
You hit the worker ant.
You kill the worker ant!
Casting: Song of Slaying
Confirm with . or Enter, or press ? or * to list all spells.
Space distorts slightly along a thin shroud covering your body.
You hit the worker ant but do no damage.
Your spectral weapon hits the worker ant from afar.
The worker ant bites you but does no damage.
You barely miss the worker ant. Your bite misses the worker ant.
The worker ant is heavily wounded.
Your spectral weapon fades away.
The worker ant closely misses you.
You puncture the worker ant!
You kill the worker ant!
Your Armour skill increases to level 4!
You hear a shout!
A crimson imp comes into view.
The crimson imp shouts!
You see here a bubbling black potion.
h - 2 bubbling black potions (gained 1)
Your shroud begins to fray at the edges.
You hear an angry hiss.
A leopard gecko comes into view.
The leopard gecko hisses angrily.
Found 7 gold pieces.
The crimson imp grinds its teeth.
You puncture the leopard gecko!
You kill the leopard gecko!
Your song is almost over.
The crimson imp summons a swarm of flies.
Found 30 stones.
You see here a leopard gecko corpse.
Your shroud unravels.
The crimson imp grins evilly.
Your song has ended.
The crimson imp blinks!
The crimson imp hits you.
The crimson imp shouts, "Back with thee, thou beslubbering flap-mouthed bugbear!"
The crimson imp blinks!
Found a scroll of remove curse.
The crimson imp hits you.
Found 24 bolts.
You see here a scroll of remove curse.
r - 3 scrolls of remove curse (gained 1)
The crimson imp closely misses you.
The crimson imp blinks!
Are you sure you want to abandon this character and quit the game? (Confirm with "yes".)

#.#...#..#
###
#........#
###......#
###..###
#..# #..#
#..# ##
#..# ##...
#@.#
.......
#.(#
........
#..#
........#
#..#
........#
#..#
........#
#..#
.......#
#..#
.......#
#..#
......#
#.. #..##


There were no monsters in sight!

Vanquished Creatures
  Pikel (D:4)
  Duvessa (D:6)
  Dowan (D:6)
  A scorpion (D:6)
  2 iguanas
  4 worker ants
  A hound skeleton (D:4)
  A worker ant zombie (D:6)
  2 adders
  A shadow imp (D:6)
  An ooze (D:4)
  An adder zombie (D:5)
  A leopard gecko (D:5)
  12 orcs (D:4)
  A ball python (D:1)
  A bat (D:1)
  A giant cockroach (D:1)
  4 goblins
  3 hobgoblins
  4 jackals (D:2)
  A kobold (D:3)
  2 frilled lizards
  5 rats
52 creatures vanquished.

Vanquished Creatures (others)
  A spectral weapon (D:4)
1 creature vanquished.

Grand Total: 53 creatures vanquished

Notes
Turn   | Place    | Note
-------+----------+-------------------------------------------
     0 | D:1      | tidbits the Gnoll Skald began the quest for the Orb.
     0 | D:1      | Reached XP level 1. HP: 20/20 MP: 6/6
    46 | D:1      | Reached XP level 2. HP: 26/26 MP: 0/7
    51 | D:1      | Learned a level 2 spell: Song of Slaying
    57 | D:1      | Learned a level 2 spell: Shroud of Golubria
   148 | D:2      | Reached XP level 3. HP: 31/31 MP: 0/9
   149 | D:2      | Reached skill level 5 in Spellcasting
   202 | D:2      | Learned a level 3 spell: Regeneration
   206 | D:2      | Learned a level 3 spell: Spectral Weapon
   280 | D:4      | Reached skill level 1 in Short Blades
   280 | D:4      | Reached skill level 1 in Long Blades
   280 | D:4      | Reached skill level 1 in Maces & Flails
   280 | D:4      | Reached skill level 1 in Polearms
   280 | D:4      | Reached skill level 1 in Staves
   280 | D:4      | Reached skill level 1 in Slings
   280 | D:4      | Reached skill level 1 in Bows
   280 | D:4      | Reached skill level 1 in Crossbows
   280 | D:4      | Reached skill level 1 in Throwing
   280 | D:4      | Reached skill level 1 in Stealth
   280 | D:4      | Reached skill level 1 in Shields
   280 | D:4      | Reached skill level 1 in Unarmed Combat
   280 | D:4      | Reached skill level 1 in Invocations
   280 | D:4      | Reached skill level 1 in Evocations
   280 | D:4      | Reached XP level 4. HP: 34/38 MP: 3/11
   304 | D:4      | Reached skill level 1 in Conjurations
   304 | D:4      | Reached skill level 1 in Hexes
   304 | D:4      | Reached skill level 1 in Summonings
   304 | D:4      | Reached skill level 1 in Necromancy
   304 | D:4      | Reached skill level 1 in Translocations
   304 | D:4      | Reached skill level 1 in Transmutations
   304 | D:4      | Reached skill level 1 in Fire Magic
   304 | D:4      | Reached skill level 1 in Ice Magic
   304 | D:4      | Reached skill level 1 in Air Magic
   304 | D:4      | Reached skill level 1 in Earth Magic
   304 | D:4      | Reached skill level 1 in Poison Magic
   337 | D:4      | Got a faintly glowing spear {pierce}
   340 | D:4      | Identified the +6 spear "Vaotuin" {pierce, rElec} (You took it off an orc on level 4 of the Dungeon)
   351 | D:4      | Reached XP level 5. HP: 42/43 MP: 1/12
   365 | D:4      | Noticed Pikel
   365 | D:4      | Noticed a slave
   371 | D:4      | Reached skill level 3 in Armour
   378 | D:4      | Noticed a slave
   380 | D:4      | Noticed a slave
   394 | D:4      | Killed Pikel
   394 | D:4      | Reached skill level 5 in Fighting
   394 | D:4      | Reached skill level 2 in Short Blades
   394 | D:4      | Reached skill level 2 in Long Blades
   394 | D:4      | Reached skill level 5 in Axes
   394 | D:4      | Reached skill level 2 in Maces & Flails
   394 | D:4      | Reached skill level 2 in Polearms
   394 | D:4      | Reached skill level 2 in Staves
   394 | D:4      | Reached skill level 2 in Slings
   394 | D:4      | Reached skill level 2 in Bows
   394 | D:4      | Reached skill level 2 in Crossbows
   394 | D:4      | Reached skill level 2 in Throwing
   394 | D:4      | Reached skill level 5 in Dodging
   394 | D:4      | Reached skill level 2 in Stealth
   394 | D:4      | Reached skill level 2 in Shields
   394 | D:4      | Reached skill level 2 in Unarmed Combat
   394 | D:4      | Reached skill level 2 in Conjurations
   394 | D:4      | Reached skill level 2 in Hexes
   394 | D:4      | Reached skill level 2 in Summonings
   394 | D:4      | Reached skill level 2 in Necromancy
   394 | D:4      | Reached skill level 2 in Translocations
   394 | D:4      | Reached skill level 2 in Transmutations
   394 | D:4      | Reached skill level 2 in Fire Magic
   394 | D:4      | Reached skill level 2 in Ice Magic
   394 | D:4      | Reached skill level 2 in Air Magic
   394 | D:4      | Reached skill level 2 in Earth Magic
   394 | D:4      | Reached skill level 2 in Poison Magic
   394 | D:4      | Reached skill level 2 in Invocations
   394 | D:4      | Reached skill level 2 in Evocations
   394 | D:4      | Reached XP level 6. HP: 14/51 MP: 3/14
   394 | D:4      | Reached XP level 7. HP: 16/56 MP: 3/15
   402 | D:4      | Found a radiant altar of Vehumet.
   470 | D:5      | Entered Level 5 of the Dungeon
   484 | D:5      | Found a staircase to the Ecumenical Temple.
   492 | Temple   | Entered the Ecumenical Temple
   645 | D:6      | Noticed Duvessa
   657 | D:6      | Killed Duvessa
   657 | D:6      | Reached skill level 3 in Invocations
   658 | D:6      | Noticed Dowan
   665 | D:6      | Killed Dowan
   665 | D:6      | Reached XP level 8. HP: 24/63 MP: 4/16
   756 | D:6      | Reached skill level 6 in Charms
   818 | D:5      | Reached skill level 4 in Armour
   861 | D:5      | Quit the game

Skill      XL: |  1  2  3  4  5  6  7  8 |
---------------+-------------------------+-----
Spellcasting   | 5 |  5.8
Short Blades   | 1 2 |  2.9
Long Blades    | 1 2 |  2.9
Maces & Flails | 1 2 |  2.9
Polearms       | 1 2 |  2.9
Staves         | 1 2 |  2.9
Slings         | 1 2 |  2.9
Bows           | 1 2 |  2.9
Crossbows      | 1 2 |  2.9
Throwing       | 1 2 |  2.9
Stealth        | 1 2 |  2.9
Shields        | 1 2 |  2.9
Unarmed Combat | 1 2 |  2.9
Invocations    | 1 2 3 |  3.2
Evocations     | 1 2 |  2.9
Conjurations   | 1 2 |  2.3
Hexes          | 1 2 |  2.3
Summonings     | 1 2 |  2.3
Necromancy     | 1 2 |  2.3
Translocations | 1 2 |  2.3
Transmutations | 1 2 |  2.3
Fire Magic     | 1 2 |  2.3
Ice Magic      | 1 2 |  2.3
Air Magic      | 1 2 |  2.3
Earth Magic    | 1 2 |  2.3
Poison Magic   | 1 2 |  2.3
Armour         | 3 4 |  4.0
Fighting       | 5 |  5.5
Axes           | 5 |  5.5
Dodging        | 5 |  5.5
Charms         | 6 |  6.0

Action                   |  1- 3 |  4- 6 |  7- 9 || total
-------------------------+-------+-------+-------++-------
Melee: Hand axe          |    37 |    14 |       ||    51
       Unarmed           |     7 |       |       ||     7
       Bite              |     2 |     3 |     1 ||     6
       Spear             |       |    35 |    41 ||    76
 Cast: Infusion          |     4 |       |       ||     4
       Spectral Weapon   |     3 |     4 |     4 ||    11
       Song of Slaying   |       |     1 |     2 ||     3
       Regeneration      |       |       |     4 ||     4
       Shroud of Golubri |       |       |     1 ||     1
  Use: Potion            |     1 |     2 |       ||     3
       Scroll            |       |       |     4 ||     4
Armor: Leather armour    |     3 |     7 |     6 ||    16
       Skin              |     4 |       |       ||     4
Dodge: Dodged            |    23 |    35 |    23 ||    81

Table legend:
 A = Turns spent in this place as a percentage of turns spent in the entire game.
 B = Non-inter-level travel turns spent in this place as a percentage of non-inter-level travel turns spent in the entire game.
 C = Inter-level travel turns spent in this place as a percentage of turns spent in this place.
 D = Turns resting spent in this place as a percentage of non-inter-level travel turns spent in this place.
 E = Turns spent auto-exploring this place as a percentage of non-inter-level travel turns spent in this place.
 F = Non-inter-level travel turns spent in this place divided by the number of levels of this place that you've seen.
                   A       B       C       D       E      F
               +-------+-------+-------+-------+-------+----------------------
         Total | 100.0 | 100.0 |   3.5 |   0.0 |   0.0 | 118.7
       Dungeon |  90.5 |  91.3 |   2.6 |   0.0 |   0.0 | 126.5
        Temple |   9.5 |   8.7 |  12.2 |   0.0 |   0.0 |  72.0
               +-------+-------+-------+-------+-------+----------------------

Table legend:
 A = Kills in this place as a percentage of kills in entire the game.
 B = Kills by you in this place as a percentage of kills by you in the entire game.
 C = Kills by friends in this place as a percentage of kills by friends in the entire game.
 D = Other kills in this place as a percentage of other kills in the entire game.
 E = Experience gained in this place as a percentage of experience gained in the entire game.
 F = Experience gained in this place divided by the number of levels of this place that you have seen.
                   A       B       C       D       E      F
               +-------+-------+-------+-------+-------+----------------------
         Total | 100.0 | 100.0 |   N/A |   N/A | 100.0 | 194.6
       Dungeon | 100.0 | 100.0 |   N/A |   N/A | 100.0 | 227.0
               +-------+-------+-------+-------+-------+----------------------

Vault maps used:
D:1:      dpeg_arrival_more_subterranean_lakeside_camping, grunt_decor_cap,
          minmay_hexomino_c4
D:2:      first_ration, uniq_terence
D:3:      led_sif_book, grunt_temple_overflow_open
D:4:      kennysheep_mini, st_stairs_8, grunt_decor_one_mirror,
          minmay_close_crescents, uniq_pikel
D:5:      minmay_temple_entry_crystal_x, nicolae_dithmenos_the_darkroom
D:6:      uniq_duvessa
Temple:   eino_temple_rhombus
